 Dungeon Crawl Stone Soup version 0.26-a0-639-g72c4674329 (webtiles) character file.

Game seed: 16398253447198618011

63 Kaptain the Magician (level 3, 0/33 HPs)
             Began as a Deep Elf Hedge Wizard on Sept 20, 2020.
             Succumbed to a big kobold's poison
             ... on level 3 of the Dungeon.
             The game lasted 00:12:35 (2522 turns).

Kaptain the Magician (Deep Elf Hedge Wizard)        Turns: 2522, Time: 00:12:35

Health: 0/33       AC: 21    Str:  5 (7)  XL:     3   Next: 87%
Magic:  5/11       EV:  2    Int: 16 (19) God:
Gold:   59         SH:  0    Dex: 13 (14) Spells: 6/12 levels left

rFire    . . .     SeeInvis .   j - +0 spear (vorpal)
rCold    . . .     Faith    .   (no shield)
rNeg     + + +     Spirit   .   (armour currently unavailable)
rPois    +         Reflect  .   (helmet currently unavailable)
rElec    .         Harm     .   (cloak currently unavailable)
rCorr    .         Rampage  .   (gloves currently unavailable)
MR       .....     Clarity  +   (boots currently unavailable) Stlth ++........NoTele +
                                k - amulet of magic regeneration
HPRegen  0.11/turn              m - +4 ring of evasion
MPRegen  0.37/turn              (no ring)

@: lethally poisoned (0 -> -32), tree-form, stab, very slightly contaminated
A: blurry vision 1, clarity, robust 1
a: no special abilities


You were on level 3 of the Dungeon.
You were a tree.
You visited 1 branch of the dungeon, and saw 3 of its levels.

You collected 59 gold pieces.

Inventory:

Hand Weapons
 h - a +0 short sword
 j - a +0 vorpal spear (weapon)
Missiles
 d - 87 stones (quivered)
Armour
 a - a +0 pair of boots (melded)
 b - a +0 robe (melded)
 c - a +0 hat (melded)
Jewellery
 k - an amulet of magic regeneration (around neck)
 l - an uncursed amulet of regeneration
 m - a +4 ring of evasion (left branch)
Scrolls
 e - a scroll of random uselessness {unknown}
 n - 2 scrolls of identify


   Skills:
 + Level 0.6 Fighting
 + Level 2.8 Dodging
 + Level 3.3 Stealth
 * Level 5.1 Spellcasting
 * Level 2.4 Conjurations
   Level 1.1 Summonings
 - Level 1.1 Translocations


You had 6 spell levels left.
You knew the following spells:

 Your Spells              Type           Power        Failure   Level
a - Magic Dart            Conj           ##..         5%          1
b - Blink                 Tloc           N/A          14%         2
c - Mephitic Cloud        Conj/Pois/Air  #.......     32%         3

Your spell library contained the following spells:

 Spells                   Type           Power        Failure   Level
 Call Imp                 Summ           #.......     14%         2
 Slow                     Hex            #.......     22%         2
 Conjure Flame            Conj/Fire      #.......     28%         3


Dungeon Overview and Level Annotations

Branches:
Dungeon (3/15)

Altars:


Innate Abilities, Weirdness & Mutations

Scrolls take you a little longer to read.
You possess an exceptional clarity of mind.
You are robust. (+10% HP)


Message History

Confirm with . or Enter, or press ? or * to list all spells.
Aiming: Magic Dart (safe; 4% risk of failure)
Press: ? - help, Shift-Dir - straight line, f/p - big kobold
Aim: a big kobold, wielding a +1 dagger of venom (moderately wounded)
The magic dart hits the big kobold but does no damage.
The big kobold is moderately wounded.
* * * LOW HITPOINT WARNING * * *
You feel sick.
The big kobold hits you but does no damage.
It was a potion of stabbing.
You feel ready to backstab.
* * * LOW HITPOINT WARNING * * *
You feel sick.
The big kobold hits you with a +1 dagger of venom.
* * * LOW HITPOINT WARNING * * *
You are more poisoned.
It was a potion of degeneration.
There was something very wrong with that liquid.
You feel weakened.
You feel dopey.
You feel clumsy.
You die...

#.##..###.#.≈≈≈≈#K.
............≈≈≈#
.##......#.≈≈≈#
#.<)......≈≈#
#.............≈#
#.##.###......≈# ..
#. #..#...## #
.##.###......#
.......♣....##
.##.###.K##)#
#.........#
#.#######.#
#.......# #......##
#...... .......
....##.


You could see a big kobold.

Vanquished Creatures
  A worm (D:2)
  5 leopard geckos
  A giant cockroach (D:2)
  6 goblins
  5 hobgoblins
  9 jackals
  A ball python (D:1)
  6 bats
  5 frilled lizards
  7 kobolds
  5 rats
51 creatures vanquished.

Notes
Turn   | Place    | Note
-------+----------+-------------------------------------------
     0 | D:1      | Kaptain the Deep Elf Hedge Wizard began the quest for the
                  | Orb.
     0 | D:1      | Reached XP level 1. HP: 10/10 MP: 7/7
   555 | D:1      | Reached XP level 2. HP: 15/15 MP: 1/9
  1307 | D:1      | Learned a level 2 spell: Blink
  1353 | D:1      | Reached XP level 3. HP: 20/20 MP: 7/11
  1698 | D:2      | Reached skill level 5 in Spellcasting
  2109 | D:2      | Learned a level 3 spell: Mephitic Cloud
  2503 | D:3      | Noticed a big kobold
  2511 | D:3      | Gained mutation: Scrolls take you a little longer to read.
                  | [potion of mutation]
  2511 | D:3      | Gained mutation: You are robust. (+10% HP) [potion of
                  | mutation]
  2511 | D:3      | Gained mutation: You possess an exceptional clarity of
                  | mind. [potion of mutation]
  2522 | D:3      | Succumbed to a big kobold's poison

Illustrated notes

Levels and vault maps discovered:
D:1:      dpeg_chamrin_arrival_tetris, layout_basic
D:2:      layout_rooms, hangedman_decor_growths
D:3:      cheibrodos_thug_alley, layout_basic, chequers_ecumenical_altar_grove,
          chequers_serial_rivers_micro_b, hex_medium, minmay_diced_spiral

Skill      XL: |  1  2  3 |
---------------+----------+-----
Conjurations   | 2 |  2.4
Spellcasting   | 5 |  5.1
Stealth        | 3 |  3.3
Fighting       | |  0.6
Dodging        | |  2.8
Summonings     | |  1.1
Translocations | |  1.1

Action                   || total
-------------------------++-------
Melee: Spear             ||    16
 Cast: Magic Dart        ||   118
       Blink             ||     3
  Use: Potion            ||     4
       Scroll            ||     2
 Stab: Sleeping          ||     1
Armor: Robe              ||     6
       Skin              ||     2
Dodge: Dodged            ||    33

Table legend: (Time is in decaauts)
 A = Elapsed time spent in this place.
 B = Non-inter-level travel time spent in this place.
 C = Inter-level travel time spent in this place.
 D = Time resting spent in this place.
 E = Time spent auto-exploring this place.
 F = Levels seen in this place.
 G = Mean time per level.
                   A        B        C        D        E       F      G
               +--------+--------+--------+--------+--------+-----+--------+
         Total |   2524 |   2413 |    111 |    963 |   1113 |   3 |  841.3 |
       Dungeon |   2524 |   2413 |    111 |    963 |   1113 |   3 |  841.3 |
               +--------+--------+--------+--------+--------+-----+--------+

Top non-repeatable levels by time:
     D:1: 1772 daAuts
     D:2: 596 daAuts
     D:3: 155 daAuts
